 Dungeon Crawl Stone Soup version 0.24.0-123-gd5b16e6ec5 (webtiles) character file.

Game seed: 2741283182942288190, levelgen mode: deterministic

43356 brucemayne the Severer (level 14, -2/132 HPs)
             Began as a Hill Orc Monk on Jan 18, 2020.
             Was a High Priest of the Shining One.
             Slain by an orc knight
             ... wielding a +0 broad axe
              (12 damage)
             ... on level 2 of the Orcish Mines.
             The game lasted 00:46:17 (10032 turns).

brucemayne the Severer (Hill Orc Monk)             Turns: 10032, Time: 00:46:18

Health: -2/132     AC: 20    Str: 19    XL:     14   Next: 23%
Magic:  16/16      EV:  9    Int: 13    God:    the Shining One [*****.]
Gold:   1505       SH:  0    Dex: 16    Spells: 12/13 levels left

rFire    + . .     SeeInvis .   Y - +3 battleaxe (flame)
rCold    . . .     Gourm    .   (shield currently unavailable)
rNeg     + + .     Faith    .   x - +3 chain mail {rF+}
rPois    .         Spirit   .   w - +0 helmet (curse)
rElec    .         Reflect  .   (no cloak)
rCorr    +         Harm     .   m - +2 pair of gloves {Dex+3}
MR       +++..                  y - +1 pair of boots {Fly}
Stlth    ..........             B - amulet of magic regeneration
HPRegen  0.32/turn              F - ring of resist corrosion
MPRegen  0.40/turn              t - ring of the Mage {Wiz MR++ Int+3}

@: glowing
A: no striking features
a: Divine Shield, Cleansing Flame, Summon Divine Warrior, Renounce Religion,
Evoke Flight


You were on level 2 of the Orcish Mines.
You worshipped the Shining One.
The Shining One was extremely pleased with you.
You were not hungry.

You visited 3 branches of the dungeon, and saw 20 of its levels.
You also visited: Volcano.

You collected 1767 gold pieces.
You spent 262 gold pieces at shops.

Inventory:

Hand Weapons
 i - a +0 flail of crushing
 z - a +0 scimitar of flaming
 C - a +2 war axe of electrocution
 K - a +1 battleaxe of freezing
 Y - a +3 battleaxe of flaming (weapon)
Missiles
 j - 53 poisoned darts (quivered)
 q - 9 silver boomerangs
 M - 38 sling bullets
 O - 8 atropa-tipped darts
Armour
 h - a +2 buckler
 m - a +2 pair of gloves of dexterity (worn)
 o - a +0 troll leather armour
 s - a +2 buckler
 w - a cursed +0 helmet (worn)
 x - a +3 chain mail of fire resistance (worn)
 y - a +1 pair of boots of flying (worn)
 H - a +0 plate armour
 L - a +2 large shield
 W - a +0 shield of fire resistance
Jewellery
 b - an uncursed ring of see invisible
 g - an uncursed ring of ice
 n - an uncursed ring of stealth
 t - the ring of the Mage (right hand) {Wiz MR++ Int+3}
   (You found it on level 2 of the Lair of Beasts)

   [ring of wizardry]

   It improves your spell success rate.
   It affects your intelligence (+3).
   It affects your resistance to hostile enchantments.
 A - an uncursed amulet of harm
 B - an amulet of magic regeneration (around neck)
 D - an uncursed ring of positive energy
 F - a ring of resist corrosion (left hand)
 J - an uncursed ring of teleportation
 T - a +3 ring of intelligence
Wands
 e - a wand of digging (4)
 v - a wand of disintegration (37)
 N - a wand of polymorph (1)
 Q - a wand of acid (24)
Scrolls
 a - a scroll of enchant weapon
 d - 7 scrolls of identify
 f - 8 scrolls of remove curse
 k - a scroll of summoning {unknown}
 l - a scroll of amnesia
 p - 2 scrolls of enchant armour
 P - a scroll of magic mapping
Potions
 r - 2 potions of flight
 u - a potion of curing
 E - 2 potions of resistance
 I - 2 potions of agility
 V - a potion of brilliance
 X - a potion of berserk rage
Comestibles
 c - 17 rations


   Skills:
 + Level 14.2 Fighting
 - Level 20.4(20.7) Axes
 - Level 6.0(13.1) Maces & Flails
 + Level 7.0 Armour
 - Level 2.4 Dodging
 - Level 1.5 Stealth
 - Level 10.0 Shields
 - Level 3.4 Invocations


You had 12 spell levels left.
You knew the following spells:

 Your Spells              Type           Power        Failure   Level  Hunger
a - Apportation           Tloc           #.....       71%         1    ##.....

Your spell library contained the following spells:

 Spells                   Type           Power        Failure   Level  Hunger
 Animate Skeleton         Necr           N/A          71%         1    ##.....
 Confusing Touch          Hex            #.....       71%         1    ##.....
 Summon Small Mammal      Summ           #...         71%         1    ##.....


Dungeon Overview and Level Annotations

Branches:
Dungeon (12/15)              Lair (6/6) D:10         Shoals (0/4) Lair:2
 Spider (0/4) Lair:3        Slime (0/5) Lair:5          Orc (2/2) D:11
    Elf (0/3) Orc:2       Volcano (visited)
 Temple: D:4-7

Altars:
Ashenzari
Cheibriados
Dithmenos
Elyvilon
Fedhas
Hepliaklqana
Kikubaaqudgha
Makhleb
Qazlal
Trog
The Shining One

Shops:
D:10 [   Orc:2 *

Portals:
Hell: Lair:6

Annotations:
D:3 1 runed translucent door, Crazy Yiuf
D:5 Dowan, Duvessa
D:8 Harold
D:10 1 runed translucent door, Fannar; Ukyar's ghost, journeyman TrFi
D:12 Urug


Message History

The orc warrior hits you from afar with a +0 trident!
* * * LOW HITPOINT WARNING * * *
The orc knight hits you but does no damage.
The orc knight hits you with a +0 great mace of holy wrath.
* * * LOW HITPOINT WARNING * * *
The orc knight hits you with a +0 broad axe.
* * * LOW HITPOINT WARNING * * *
You completely miss the orc knight.
The orc knight is severely wounded.
You slice the orc knight!! You burn the orc knight.
You kill the orc knight!
Your Armour skill increases to level 7!
You hit the orc knight but do no damage.
The orc warrior hits you but does no damage.
You slash the orc knight! You burn the orc knight.
The orc knight is almost dead.
You slash the orc knight! You burn the orc knight.
The orc knight barely misses you.
The orc knight hits you with a +0 broad axe!
You die... #oo

#..###......##.... #.o
#..##....#.###...# #..
#...##....# #....##
..##'###......#..####....##
..o.h)............#.###.#.##
..##+###...#.........#.....#
#............#......#
#..#......o.###.....# ..#
#...#....@).#.#....## ..#
#..#.[..†o.........##
..######........o)...#.....#
...................)......##
..........[(........[.....##
#..#...............<..)....#
...........................#
.................[...[[...##
.....................[<[...#


You could see 2 orc knights and an orc warrior.

Vanquished Creatures
  Gastronok (D:10)
  The ghost of Dumidips the Black Belt, a journeyman OpMo of Makhleb (Lair:2)
  3 hydras
  Erica (D:9)
  A catoblepas (Lair:3)
  A two-headed ogre (D:11)
  2 death yaks (Lair:5)
  An orc high priest (Orc:1)
  A sun demon (Lair:6)
  2 skeletal warriors (Volcano)
  A wizard (Lair:6)
  An anaconda skeleton (Volcano)
  3 orc knights
  An orc sorcerer (Orc:2)
  13 elephants
  Joseph (D:8)
  2 black mambas
  A smoke demon (Lair:6)
  4 orange demons (Lair:6)
  A torpor snail (Lair:5)
  5 rime drakes (Lair:6)
  8 spiny frogs
  3 gargoyles (Volcano)
  3 komodo dragons
  2 ice devils (Lair:6)
  A meliai (D:10)
  4 trolls
  A polar bear (Lair:6)
  2 harpy skeletons (Volcano)
  4 blink frogs
  6 dream sheep (Lair:6)
  8 hippogriffs
  3 flying skulls (Volcano)
  A wyvern (Lair:2)
  A vampire (D:9)
  16 yaks
  A basilisk (Lair:4)
  A hungry ghost (D:11)
  9 wargs
  3 hell hounds (Lair:6)
  5 water moccasins
  19 orc warriors
  An ice beast (D:6)
  6 porcupines
  A black bear (D:5)
  2 phantoms
  A sky beast (D:11)
  An eye of draining (D:10)
  9 ogres
  3 centaurs
  8 wolves
  11 crocodiles
  A big kobold (D:9)
  13 bullfrogs
  A wyvern zombie (D:6)
  A scorpion (D:4)
  A water moccasin skeleton (D:10)
  8 killer bees
  4 wights (D:9)
  2 spriggan skeletons (Volcano)
  2 crimson imps (D:5)
  A centaur zombie (D:10)
  A quasit (D:10)
  6 orc priests
  3 hounds
  11 orc wizards
  2 bullfrog skeletons
  2 iguanas
  Ijyb (D:3)
  Natasha (D:4)
  6 worker ants
  A hound skeleton (D:4)
  2 hound zombies
  A worker ant zombie (D:11)
  5 adders
  A shadow imp (D:6)
  3 oozes
  3 adder skeletons
  2 dart slugs
  2 leopard geckos
  41 orcs
  7 bats
  A giant cockroach (D:3)
  6 goblins
  6 hobgoblins
  11 jackals
  4 quokkas
  2 ball pythons
  2 frilled lizards (D:1)
  A jackal skeleton (D:6)
  12 kobolds
  8 rats
  5 fungi
  6 plants
390 creatures vanquished.

Vanquished Creatures (others)
  A ghoul (D:1)
  2 draconians (D:1)
  A vine stalker (D:1)
  2 elves (D:1)
  A troll (D:1)
  A spriggan (D:1)
  A vampire (D:1)
  A dwarf (D:1)
  A centaur (D:1)
  A kobold (D:1)
  6 fungi
  9 plants
27 creatures vanquished.

Grand Total: 417 creatures vanquished

Notes
Turn   | Place    | Note
-------+----------+-------------------------------------------
     0 | D:1      | brucemayne the Hill Orc Monk began the quest for the Orb.
     0 | D:1      | Reached XP level 1. HP: 19/19 MP: 1/1
     0 | D:1      | Noticed a centaur
     0 | D:1      | Noticed a troll
     0 | D:1      | Noticed an elf
     0 | D:1      | Noticed a dwarf
     0 | D:1      | Noticed a spriggan
     0 | D:1      | Noticed a kraken
     0 | D:1      | Noticed an elf
     0 | D:1      | Noticed a draconian
     0 | D:1      | Noticed a draconian
     0 | D:1      | Noticed a ghoul
     0 | D:1      | Noticed a vampire
     0 | D:1      | Noticed a vine stalker
     3 | D:1      | Killed a centaur
     4 | D:1      | Killed a vine stalker
     4 | D:1      | Killed a dwarf
     5 | D:1      | Killed a draconian
     5 | D:1      | Killed an elf
     6 | D:1      | Killed an elf
     7 | D:1      | Killed a draconian
     7 | D:1      | Killed a vampire
     8 | D:1      | Killed a spriggan
     9 | D:1      | Killed a troll
    10 | D:1      | Killed a ghoul
    89 | D:1      | Reached XP level 2. HP: 25/26 MP: 2/2
   134 | D:1      | Reached skill level 5 in Axes
   400 | D:2      | Reached XP level 3. HP: 30/31 MP: 3/3
   542 | D:1      | Reached skill level 6 in Axes
   699 | D:3      | Noticed Ijyb
   760 | D:3      | Killed Ijyb
   760 | D:3      | Reached XP level 4. HP: 34/39 MP: 4/4
   884 | D:4      | Reached skill level 7 in Axes
   983 | D:3      | Found a glowing golden altar of the Shining One.
   987 | D:3      | Became a worshipper of the Shining One
   987 | D:3      | Reached * piety under the Shining One
   987 | D:3      | Reached ** piety under the Shining One
  1042 | D:3      | Found a runed translucent door.
  1043 | D:3      | Noticed Crazy Yiuf
  1083 | D:4      | Reached XP level 5. HP: 41/45 MP: 5/5
  1242 | D:4      | Reached skill level 8 in Axes
  1283 | D:4      | Noticed Natasha
  1291 | D:4      | Killed Natasha
  1359 | D:4      | Reached XP level 6. HP: 24/51 MP: 6/6
  1384 | D:5      | Entered Level 5 of the Dungeon
  1419 | D:5      | Reached skill level 1 in Shields
  1452 | D:5      | Noticed Duvessa
  1456 | D:5      | Noticed Dowan
  1544 | D:4      | Noticed a phantom
  1611 | D:6      | Reached *** piety under the Shining One
  1626 | D:6      | Reached skill level 1 in Invocations
  1633 | D:6      | Reached XP level 7. HP: 13/57 MP: 6/8
  1693 | D:5      | Found a white marble altar of Elyvilon.
  1770 | D:5      | Found a hazy altar of Hepliaklqana.
  1903 | D:4      | Reached skill level 9 in Axes
  2079 | D:7      | Reached skill level 10 in Axes
  2161 | D:8      | Reached XP level 8. HP: 63/64 MP: 10/10
  2171 | D:7      | Noticed a hippogriff
  2183 | D:7      | Killed a hippogriff
  2191 | D:7      | Reached skill level 11 in Axes
  2291 | D:6      | Found a stormy altar of Qazlal.
  2318 | D:6      | Found a snail-covered altar of Cheibriados.
  2400 | D:6      | Reached skill level 12 in Axes
  2536 | D:7      | Found an ancient bone altar of Kikubaaqudgha.
  2537 | D:7      | Found a shadowy altar of Dithmenos.
  2656 | D:7      | Reached skill level 13 in Axes
  2656 | D:7      | Reached XP level 9. HP: 46/70 MP: 11/11
  2729 | D:8      | Found a shattered altar of Ashenzari.
  2843 | D:10     | Entered Level 10 of the Dungeon
  2881 | D:10     | Reached skill level 1 in Armour
  2898 | D:10     | Noticed an elephant
  2965 | D:9      | Noticed a troll
  2982 | D:9      | Killed a troll
  2983 | D:9      | Noticed Erica
  3003 | D:9      | Killed Erica
  3003 | D:9      | Reached skill level 14 in Axes
  3055 | D:9      | Reached XP level 10. HP: 42/84 MP: 12/12
  3134 | D:10     | Noticed Gastronok
  3457 | D:9      | Found a blossoming altar of Fedhas.
  3535 | D:9      | Reached skill level 15 in Axes
  3678 | D:8      | Noticed Joseph
  3678 | D:8      | Reached **** piety under the Shining One
  3693 | D:8      | Killed Joseph
  3759 | D:8      | Noticed Harold
  3787 | D:8      | HP: 3/86 [Harold/+1 halberd of flaming (18)]
  3787 | D:8      | HP: 1/86 [Harold/+1 halberd of flaming (2)]
  4162 | D:9      | You fall into a shaft and drop 1 floor!
  4185 | D:10     | Reached skill level 16 in Axes
  4323 | D:10     | Reached skill level 1 in Maces & Flails
  4470 | D:10     | Killed Gastronok
  4470 | D:10     | Reached XP level 11. HP: 22/94 MP: 13/13
  4471 | D:10     | Found Yroll's Antique Armour Emporium.
  4483 | D:10     | Bought a pair of embroidered gloves for 262 gold pieces
  4510 | D:10     | Noticed Fannar
  4553 | D:11     | Reached skill level 5 in Maces & Flails
  4659 | D:11     | Found a staircase to the Orcish Mines.
  4676 | D:11     | Noticed a five-headed hydra
  4678 | D:11     | Noticed a catoblepas
  5023 | D:10     | Found a runed translucent door.
  5027 | D:10     | Noticed Ukyar's ghost (journeyman TrFi)
  5182 | D:11     | Noticed a two-headed ogre
  5192 | D:11     | Killed a two-headed ogre
  5192 | D:11     | Reached skill level 17 in Axes
  5217 | D:12     | Noticed Urug
  5288 | Orc:1    | Entered Level 1 of the Orcish Mines
  5288 | Orc:1    | Noticed an orc knight
  5348 | D:11     | Killed an orc knight
  5575 | Orc:2    | Entered Level 2 of the Orcish Mines
  5575 | Orc:2    | Noticed an orc high priest
  5595 | Orc:1    | Killed an orc high priest
  5595 | Orc:1    | Reached skill level 18 in Axes
  5690 | Orc:2    | Noticed an orc sorcerer
  5709 | Orc:2    | Killed an orc sorcerer
  5739 | Orc:1    | Noticed an orc sorcerer
  5985 | Orc:2    | Noticed an orc knight
  6070 | Orc:2    | HP: 2/97 [orc knight/+0 battleaxe (19)]
  6073 | Orc:2    | Killed an orc knight
  6073 | Orc:2    | Reached skill level 19 in Axes
  6073 | Orc:2    | Reached XP level 12. HP: 3/104 MP: 14/14
  6330 | Orc:2    | Found a staircase to the Elven Halls.
  6411 | Orc:1    | Found a bloodstained altar of Trog.
  6452 | Orc:1    | Noticed an orc high priest
  6524 | Orc:2    | Found Ysag's General Store.
  6708 | D:10     | Found a staircase to the Lair.
  6736 | D:10     | Learned a level 1 spell: Apportation
  6739 | Lair:1   | Entered Level 1 of the Lair of Beasts
  6820 | Lair:2   | Noticed Dumidips's ghost (journeyman OpMo)
  6831 | Lair:2   | Found a transporter.
  6835 | Lair:2   | Found the ring of the Mage {Wiz MR++ Int+3}
  6850 | Lair:2   | Found a transporter.
  6874 | Lair:2   | Reached skill level 20 in Axes
  6975 | Lair:2   | Killed Dumidips's ghost
  7130 | Lair:2   | Noticed an eight-headed hydra
  7161 | Lair:3   | Reached skill level 5 in Shields
  7192 | Lair:3   | Found a hole to the Spider Nest.
  7195 | Lair:2   | Found a staircase to the Shoals.
  7478 | Lair:5   | Noticed a death yak
  7604 | Lair:5   | Reached skill level 10 in Fighting
  7624 | Lair:5   | Found a dark tunnel.
  7697 | Volcano  | Entered a volcano
  7904 | Volcano  | Reached XP level 13. HP: 73/114 MP: 13/15
  8170 | Lair:6   | Entered Level 6 of the Lair of Beasts
  8226 | Lair:5   | Reached ***** piety under the Shining One
  8453 | Lair:5   | You fall into a shaft and drop 1 floor!
  8699 | Lair:5   | Found a staircase to the Slime Pits.
  9061 | Lair:6   | Reached skill level 10 in Shields
  9251 | Lair:6   | Found a burning altar of Makhleb.
  9349 | Lair:6   | Reached skill level 5 in Armour
  9374 | Lair:6   | Found a gateway to Hell.
  9406 | Lair:6   | Reached XP level 14. HP: 100/129 MP: 16/16
 10029 | Orc:2    | HP: 3/132 [orc knight/+0 great mace of holy wrath (36)]
 10032 | Orc:2    | Slain by an orc knight

Levels and vault maps discovered:
D:1:      nicolae_arrival_kraken_aquarium_a, layout_basic,
          kennysheep_another_room, chequers_arboretum, st_stairs_11
D:2:      layout_rooms, grunt_decor_resistance, kennysheep_generic_room_7
D:3:      layout_basic, nicolae_tso_carved_into_rock, first_ration,
          feat_on_display, uniq_grinder, uniq_ijyb, uniq_crazy_yiuf_cottage
D:4:      layout_loops_corners, grunt_ministairs_10, uniq_natasha
D:5:      layout_basic, marbit_many_paths, overflow_temple_1_default,
          old_standard_altar, temple_hall, chequers_big_river,
          uniq_prince_ribbit1, uniq_eustachio, uniq_duvessa
D:6:      layout_basic, kennysheep_mini, cheibrodos_worm_habitat, basic_altar,
          kennysheep_generic_room_11
D:7:      layout_rooms, gammafunk_temple_overflow_statue
D:8:      layout_gridville, lemuel_doored_altar, uniq_harold, uniq_maurice,
          uniq_joseph
D:9:      layout_rooms, lemuel_round_altar, the_bakery, st_stairs_7, uniq_erica
D:10:     layout_roguey, david_lair_generic, gammafunk_ghost_grave,
          serial_shops, nicolae_shop_waterfront, kb_rosetta, uniq_fannar,
          uniq_gastronok
D:11:     layout_basic, orc_0_dummy
D:12:     layout_grid_maze, lightli_fourway_metalbox, uniq_urug
Lair:1:   layout_roguey
Lair:2:   layout_gridlike, minmay_shoals_entry_beasts, gammafunk_ghost_arena,
          minmay_holes, lemuel_fruit_tree
Lair:3:   layout_small_grid, dummy_spider_entry, infiniplex_staircase_pool_2,
          serial_bayou_shore_b, grunt_megastairs_1
Lair:4:   layout_regular_city
Lair:5:   layout_loops_ring, slime_dummy, nicolae_volcano_entry_hallway,
          beast_lair_carwin_4, grunt_megastairs_3
Lair:6:   evil_forest, layout_cave_shapes
Orc:1:    layout_caves, basic_altar
Orc:2:    st_orc_town, layout_caves, serial_shops, shop

Skill      XL: |  1  2  3  4  5  6  7  8  9 10 11 12 13 14 |
---------------+-------------------------------------------+-----
Axes           | 5 6 7 8 10 13 14 16 19 20 | 20.4
Shields        | 3 4 7 10 | 10.0
Invocations    | 2 3 |  3.4
Armour         | 3 5 7 |  7.0
Fighting       | 6 8 9 10 13 14 | 14.2
Maces & Flails | 4 6 |  6.0
Dodging        | |  2.4
Stealth        | |  1.5

Action                   |  1- 3 |  4- 6 |  7- 9 | 10-12 | 13-15 || total
-------------------------+-------+-------+-------+-------+-------++-------
Melee: Hand axe          |   143 |   169 |   171 |       |       ||   483
       War axe           |       |       |   117 |   691 |   162 ||   970
       Battleaxe         |       |       |       |       |   161 ||   161
Throw: Dart              |       |    12 |    22 |     1 |       ||    35
Invok: Divine Shield     |       |       |     6 |    19 |     5 ||    30
 Abil: Stop Flying       |       |       |       |     1 |       ||     1
Evoke: Wand              |       |       |       |     1 |       ||     1
  Use: Potion            |     5 |     1 |     6 |     8 |     1 ||    21
       Scroll            |       |       |     3 |    11 |     5 ||    19
 Stab: Sleeping          |     2 |       |       |       |       ||     2
  Eat: Chunk             |       |     1 |     1 |     1 |     2 ||     5
       Ration            |       |     1 |     1 |     6 |     2 ||    10
Armor: Robe              |     7 |       |       |       |       ||     7
       Leather armour    |    18 |       |       |       |       ||    18
       Ring mail         |       |    74 |    72 |    20 |       ||   166
       Troll leather arm |       |       |       |    89 |    35 ||   124
       Plate armour      |       |       |       |     4 |    17 ||    21
       Chain mail        |       |       |       |       |    88 ||    88
Dodge: Dodged            |    80 |    85 |   110 |   236 |   103 ||   614
Block: Buckler           |       |    20 |   145 |   287 |    11 ||   463
       Shield            |       |       |       |       |    98 ||    98
       Other             |       |       |       |       |    11 ||    11
